 Dungeon Crawl Stone Soup version 0.17-a0-1442-g10bb59b (webtiles) character file.

1820 mrath the Chucker (level 8, 0/78 HPs)
             Began as a Troll Hunter on June 27, 2015.
             Was an Initiate of Nemelex Xobeh.
             Slain by an air elemental (10 damage)
             ... summoned by the player character
             ... on level 6 of the Dungeon on June 28, 2015.
             The game lasted 01:52:53 (6521 turns).

mrath the Chucker (Troll Hunter)                    Turns: 6521, Time: 01:52:54

Health: 0/78       AC:  7    Str: 22    XL:     8   Next: 85%
Magic:  7/7        EV: 12    Int:  7    God:    Nemelex Xobeh [......]
Gold:   207        SH:  0    Dex: 11    Spells: 0 memorised, 7 levels left

rFire  . . .     SeeInvis +     q - +2 short sword (freeze)
rCold  . . .     Clarity  .     d - +1 robe
rNeg   . . .     SustAt   .     (no shield)
rPois  .         Gourm    +     (helmet restricted)
rElec  .         Spirit   .     (no cloak)
rCorr  .         Warding  .     (gloves unavailable)
rMut   .         Stasis   .     (boots unavailable)
MR     .....                    (no amulet)
Stlth  +.........               M - +1 ring of protection
                                i - ring of see invisible

@: not resistant to hostile enchantments, very unstealthy
A: unfitting armour, claws 3, fast metabolism 3, gourmand, regeneration 2,
shaggy fur 1, tough skin 2
a: Renounce Religion


You were on level 6 of the Dungeon.
You worshipped Nemelex Xobeh.
Nemelex Xobeh was noncommittal.
You were not hungry.

You visited 2 branches of the dungeon, and saw 7 of its levels.

You collected 335 gold pieces.
You spent 128 gold pieces at shops.

Inventory:

Hand weapons
 l - a +0 long sword
 m - a +0 hunting sling
 o - a cursed -1 hunting sling
 q - a +2 short sword of freezing (weapon)
 t - a +0 shortbow
 v - a +0 falchion
 D - a cursed -3 hand axe
 W - a +2 dagger of venom
 X - a +0 blowgun
Missiles
 e - 122 stones (quivered)
 f - 110 arrows
 j - 8 needles of slowing
 k - 115 bolts
 r - 5 sling bullets of flame
 C - 13 arrows of frost
 L - 20 sling bullets
 R - 18 arrows of dispersal
 Y - 5 poisoned needles
 Z - a throwing net
Armour
 d - a +1 robe (worn)
Jewellery
 i - a ring of see invisible (left claw)
 x - an uncursed ring of flight
 y - an uncursed ring of magical power
 A - an uncursed ring of ice
 E - an uncursed ring of protection from magic
 I - an uncursed ring of teleportation
 J - an uncursed ring of positive energy
 M - a +1 ring of protection (right claw)
Magical devices
 b - a wand of digging (8)
Scrolls
 g - 2 scrolls of blinking
 Q - 2 scrolls of fear
 S - a scroll of fog
 T - a scroll of teleportation
Potions
 a - a potion of berserk rage {unknown}
 h - 2 potions of brilliance
 u - a potion of invisibility {unknown}
 z - 2 potions of curing {unknown}
 B - a potion of mutation {unknown}
 F - a potion of heal wounds {unknown}
 G - 2 potions of might {unknown}
 H - a potion of ambrosia {unknown}
 K - 2 potions of lignification {unknown}
Books
 V - a book of Envenomations

   Spells                             Type                      Level
   a - Spider Form                    Transmutation/Poison         3
   b - Alistair's Intoxication        Transmutation/Poison         4
   c - Olgreb's Toxic Radiance        Poison                       4
   d - Poisonous Cloud                Conjuration/Poison/Air       6
Miscellaneous
 n - a plain deck of destruction {drawn: 4}
Comestibles
 p - 2 fruits
 s - 8 meat rations
 w - a beef jerky
 U - 3 bread rations


   Skills:
 + Level 3.9 Fighting
 + Level 2.6(2.7) Short Blades
 + Level 0.7(1.8) Long Blades
 + Level 7.2 Throwing
 + Level 5.8 Dodging
 + Level 1.7 Stealth
 + Level 0.1 Evocations


You had 7 spell levels left.
You didn't know any spells.

Dungeon Overview and Level Annotations

Branches:
Dungeon (6/15)             Temple (1/1) D:6

Altars:
Ashenzari
Cheibriados
Elyvilon
Fedhas
Gozag
Kikubaaqudgha
Nemelex Xobeh
Okawaru
Ru
Sif Muna
Trog
Vehumet
Xom

Shops:
D:4 *


Innate Abilities, Weirdness & Mutations

You are too large for most types of armour.
You have claws for hands.
Your metabolism is lightning-fast.
You like to eat raw meat.
You heal very quickly.
You are covered in fur (AC +1).
You have very tough skin (AC +2).


Message History

Throwing (i - inventory. (,) - cycle):
e - 124 stones (quivered)
Press: ? - help, Shift-Dir - straight line, f - orc priest
Aim: an orc priest, wearing a leather armour You throw a stone.
The stone hits the orc priest.
The orc priest is moderately wounded.
Throwing (i - inventory. (,) - cycle):
e - 123 stones (quivered)
Press: ? - help, Shift-Dir - straight line, f/p - orc priest
Aim: an orc priest, wearing a leather armour (moderately wounded) Really fire through your air elemental?
Uppercase [Y]es or [N]o only, please.
Really fire through your air elemental?
You throw a stone. The stone hits your air elemental.
The air elemental is lightly damaged.
The air elemental hits you!
* * * LOW HITPOINT WARNING * * *
The air elemental hits you.
* * * LOW HITPOINT WARNING * * *
The air elemental hits you!
You die...
Your body disappears without a glow.

....#....+...)))..# #..........
....+....#....)...+ +..........
....#....#........# #..........
....###+##..###..## .#..........
.........#..###..###..#....#+####
.......).#............#....+
####.....'............+...
#.....#...##).##..##....
#######...##.@##+##.....
#.......E.# .....#####+
#......)..+ ...........
#.......o.# ...........
##..####(## ........... #### (>#
###+#...... ..( +..)... ..((.
#...... '##### #......


You could see an air elemental and an orc priest.

Vanquished Creatures
  Eustachio (D:5)
  The ghost of mrath the Firebug, an average TeFE of Vehumet (D:6)
  An ice beast (D:6)
  An orc warrior (D:6)
  3 ogres
  A sky beast (D:6)
  3 centaurs
  A giant frog (D:6)
  A wyvern zombie (D:6)
  A scorpion (D:4)
  A jelly (D:6)
  6 worker ants
  3 orc priests
  A giant frog skeleton (D:6)
  2 hounds
  An orc wizard (D:6)
  8 adders
  2 gnolls (D:6)
  2 shadow imps (D:5)
  An ooze (D:4)
  An adder skeleton (D:5)
  2 worms (D:2)
  16 orcs
  9 bats
  4 giant cockroaches
  16 goblins
  11 hobgoblins
  2 jackals (D:3)
  3 ball pythons
  3 giant geckos
  A giant gecko skeleton (D:4)
  3 giant newts
  8 kobolds
  15 rats
  A plant (D:5)
136 creatures vanquished.

Vanquished Creatures (collateral kills)
  An orc (D:6)
1 creature vanquished.

Grand Total: 137 creatures vanquished

Notes
Turn   | Place    | Note
--------------------------------------------------------------
     0 | D:1      | mrath the Troll Hunter began the quest for the Orb.
     0 | D:1      | Reached XP level 1. HP: 19/19 MP: 0/0
   308 | D:1      | Reached skill level 4 in Throwing
   308 | D:1      | Reached XP level 2. HP: 27/27 MP: 1/1
  1145 | D:2      | Reached XP level 3. HP: 15/33 MP: 2/2
  1638 | D:2      | Found a faded altar to an unknown god.
  2105 | D:3      | Reached XP level 4. HP: 42/42 MP: 3/3
  3370 | D:4      | Found a white marble altar of Elyvilon.
  3370 | D:4      | Noticed an ogre
  3384 | D:4      | HP: 2/42 [ogre/giant club (19)]
  3387 | D:4      | Killed an ogre
  3387 | D:4      | Reached skill level 1 in Stealth
  3387 | D:4      | Reached XP level 5. HP: 3/49 MP: 4/4
  3709 | D:4      | Reached skill level 1 in Short Blades
  3859 | D:4      | Reached XP level 6. HP: 57/57 MP: 5/5
  3975 | D:4      | Reached skill level 5 in Throwing
  4157 | D:4      | Found Latwam's Assorted Antiques.
  4195 | D:4      | Bought a scroll of identify for 64 gold pieces
  4195 | D:4      | Bought a scroll of identify for 64 gold pieces
  4289 | D:5      | Entered Level 5 of the Dungeon
  4768 | D:5      | Reached XP level 7. HP: 53/66 MP: 6/6
  5271 | D:5      | Noticed Eustachio
  5286 | D:5      | Killed Eustachio
  5480 | D:5      | Found a sacrificial altar of Ru.
  5517 | D:6      | Reached skill level 6 in Throwing
  5536 | D:6      | Reached XP level 8. HP: 75/75 MP: 7/7
  5687 | D:6      | Noticed mrath's ghost (average TeFE)
  5721 | D:6      | Killed mrath's ghost
  5721 | D:6      | Reached skill level 5 in Dodging
  5943 | D:6      | Found a staircase to the Ecumenical Temple.
  5995 | Temple   | Entered the Ecumenical Temple
  6086 | Temple   | Became a worshipper of Nemelex Xobeh the Trickster
  6125 | D:6      | Received a gift from Nemelex Xobeh
  6453 | D:6      | Reached skill level 7 in Throwing
  6521 | D:6      | Slain by an air elemental

Vault maps used:
D:1:      lightli_arrival_lavapool
D:2:      ecumenical_altar_2, hangedman_decor_opposing
D:4:      lemuel_crystal_altar, serial_shops, shop, feat_on_display
D:5:      corexii_shack_village, first_bread, lemuel_statue_altar,
          uniq_eustachio
D:6:      grunt_dithmenos_smoke, minmay_temple_entry_statues_fountains,
          kennysheep_generic_room_6
Temple:   temple_eino_lava_12

Action                   |  1- 3 |  4- 6 |  7- 9 || total
-------------------------+-------+-------+-------++-------
Melee: Short sword       |    33 |   130 |   231 ||   394
       Long sword        |    46 |       |       ||    46
 Fire: Blowgun           |       |       |     1 ||     1
Throw: Large rock        |    33 |    62 |    57 ||   152
       Stone             |       |    13 |    23 ||    36
       Throwing net      |       |     2 |     4 ||     6
Evoke: Deck              |       |       |     4 ||     4
  Use: Scroll            |    10 |    10 |     3 ||    23
       Potion            |     1 |     1 |     1 ||     3
 Stab: Sleeping          |       |       |     1 ||     1
  Eat: Chunk             |     3 |    20 |    12 ||    35
       Bread ration      |     2 |     1 |       ||     3
       Meat ration       |     1 |       |       ||     1
       Beef jerky        |       |     1 |     1 ||     2
       Pizza             |       |     1 |       ||     1
